[Event "ICC tourney 2469 (30 10)"]
[Site "Internet Chess Club"]
[Date "2021.03.21"]
[Round "1"]
[White "GUO, RYAN:SMILERG"]
[Black "Ramkumar, Nikhil:nikhilramkumar"]
[Result "1-0"]
[ICCResult "Black resigns"]
[WhiteElo "1282"]
[BlackElo "569"]
[Opening "Old Benoni defense"]
[ECO "A43"]
[NIC "OI.09"]
[Time "11:03:10"]
[PlyCount "47"]
[TimeControl "1800+10"]

1. d4 c5 2. dxc5 e5 3. Nf3 Nc6 4. Nc3 Bxc5 5. e4 d6 6. Bc4 Nf6 7. Bg5 h6 8.
Bh4 Na5 9. Bb5+ Nc6 10. Nd5 g5 11. Nxf6+ Qxf6 12. Bg3 h5 13. Qd5 Bd7 14. h3
h4 15. Bh2 g4 16. hxg4 a6 17. g5 Qxg5 18. Nxg5 O-O-O 19. Nxf7 Rhf8 20. Nxd8
Bxf2+ 21. Kd1 Bg4+ 22. Be2 Bd7 23. Nxc6 bxc6 24. Qxd6 { Black resigns } 1-0

[Event "ICC tourney 2469 (30 10)"]
[Site "Internet Chess Club"]
[Date "2021.03.21"]
[Round "1"]
[White "SHEN, CHARLES:charlesshen"]
[Black "NGUYEN, TRINH TRONG:JackNguyen"]
[Result "0-1"]
[ICCResult "White checkmated"]
[WhiteElo "1058"]
[BlackElo "1388"]
[Opening "Sicilian: Kan, 5.Nc3"]
[ECO "B43"]
[NIC "SI.41"]
[Time "11:03:17"]
[PlyCount "152"]
[TimeControl "1800+10"]

1. e4 c5 2. Nf3 e6 3. d4 cxd4 4. Nxd4 a6 5. Nc3 Qc7 6. a3 Nc6 7. Be3 Nf6 8.
Bd3 Be7 9. f3 O-O 10. O-O b5 11. Nce2 Bb7 12. Qe1 d5 13. exd5 Nxd5 14. Bf2
Ne5 15. Bg3 Nxd3 16. Bxc7 Nxe1 17. Rfxe1 Nxc7 18. Nc3 Rad8 19. Nde2 Nd5 20.
Ne4 Ne3 21. Rac1 Bxe4 22. fxe4 Bc5 23. Kh1 Rd2 24. b4 Bb6 25. c3 Nc4 26.
Nf4 h6 27. Rf1 Rfd8 28. h4 Nxa3 29. Ra1 Nc4 30. Rxa6 Rd1 31. Rxd1 Rxd1+ 32.
Kh2 Bc7 33. g3 Bxf4 34. gxf4 Rc1 35. Ra8+ Kh7 36. Rb8 Rxc3 37. Rxb5 Nd6 38.
Rc5 Rxc5 39. bxc5 Nc8 40. Kg3 Kg8 41. Kf3 Kf8 42. Ke3 Ke7 43. Kd4 Kd7 44.
f5 exf5 45. exf5 Kc6 46. h5 Ne7 47. Ke5 Nd5 48. Ke4 f6 49. Kd4 Ne7 50. Ke4
Kxc5 51. Kf4 Kd5 52. Kg4 Ke5 53. Kg3 Kxf5 54. Kf2 Kg5 55. Kg2 Kxh5 56. Kg1
Kg4 57. Kh2 Kf3 58. Kh3 Kf2 59. Kh4 g5+ 60. Kg4 f5+ 61. Kh3 Kg1 62. Kg3 h5
63. Kh3 g4+ 64. Kh4 f4 65. Kg5 f3 66. Kh4 f2 67. Kg5 f1=Q 68. Kh4 Qh3+ 69.
Kg5 Qe3+ 70. Kf6 Nd5+ 71. Kg7 Qe6 72. Kh7 g3 73. Kg7 Kh1 74. Kh7 g2 75. Kh8
g1=Q 76. Kh7 Qgg8# { White checkmated } 0-1

[Event "ICC tourney 2469 (30 10)"]
[Site "Internet Chess Club"]
[Date "2021.03.21"]
[Round "1"]
[White "BHOSALE, ARNAV:avbhosale"]
[Black "SALAZAR, LUIS:zarman"]
[Result "0-1"]
[ICCResult "White checkmated"]
[WhiteElo "519"]
[BlackElo "1271"]
[Opening "Latvian counter-gambit"]
[ECO "C40"]
[NIC "KP.09"]
[Time "11:03:22"]
[PlyCount "118"]
[TimeControl "1800+10"]

1. e4 e5 2. Nf3 f5 3. Nxe5 Qf6 4. d4 d6 5. Nf3 fxe4 6. Qe2 d5 7. Nc3 c6 8.
Bd2 Bg4 9. h3 Bxf3 10. gxf3 Qxf3 11. Qxf3 exf3 12. O-O-O Nf6 13. Re1+ Be7
14. Re3 O-O 15. Rxf3 Na6 16. Bg5 Rae8 17. Bxa6 bxa6 18. Re1 Ne4 19. Rxf8+
Kxf8 20. Bxe7+ Rxe7 21. Nxe4 dxe4 22. c4 Kf7 23. Kd2 Kf6 24. f3 Kf5 25. Kc3
a5 26. a4 Kf4 27. fxe4 Rxe4 28. Rxe4+ Kxe4 29. b4 axb4+ 30. Kxb4 Kxd4 31.
c5 g5 32. Ka5 Kxc5 33. Ka6 Kb4 34. Kxa7 Ka5 35. Kb7 c5 36. Kc6 c4 37. Kc5
c3 38. Kd4 c2 39. Kd3 c1=Q 40. Ke2 Qf4 41. Kd3 h5 42. Ke2 g4 43. hxg4 hxg4
44. Kd3 Qf3+ 45. Kd4 Kxa4 46. Ke5 Kb4 47. Kd4 g3 48. Ke5 Kc4 49. Kd6 Qf5
50. Ke7 Kc5 51. Kd8 Kc6 52. Ke8 Kc7 53. Ke7 Qe5+ 54. Kf8 Kd7 55. Kg8 Qf5
56. Kg7 Ke7 57. Kh8 Qg5 58. Kh7 Kf7 59. Kh8 Qg7# { White checkmated } 0-1

[Event "ICC tourney 2469 (30 10)"]
[Site "Internet Chess Club"]
[Date "2021.03.21"]
[Round "1"]
[White "DHURJATI, ANAGHA:amdink"]
[Black "ABEND, JAMES LUKE:DoritoFarmer"]
[Result "1-0"]
[ICCResult "Black resigns"]
[WhiteElo "1264"]
[BlackElo "127"]
[Opening "Sicilian defense"]
[ECO "B32"]
[NIC "SI.31"]
[Time "11:03:15"]
[PlyCount "55"]
[TimeControl "1800+10"]

1. e4 c5 2. Nf3 Nc6 3. d4 d5 4. e5 Bg4 5. Bb5 Qd7 6. Be3 Bf5 7. Nc3 e6 8.
O-O Be7 9. h3 c4 10. b3 Bb4 11. Na4 Nge7 12. c3 Ba3 13. b4 O-O 14. Ne1 a6
15. Bxc6 Qxc6 16. Nc2 Qxa4 17. Nxa3 Qxa3 18. Bd2 Bd3 19. Re1 h6 20. Re3 Bf5
21. Rg3 g6 22. Bc1 Qxc1 23. Rxc1 b5 24. a4 Nc6 25. a5 g5 26. h4 Bg6 27.
hxg5 hxg5 28. Rxg5 { Black resigns } 1-0

[Event "ICC tourney 2469 (30 10)"]
[Site "Internet Chess Club"]
[Date "2021.03.21"]
[Round "1"]
[White "LIU, TYLER:Tiger2010"]
[Black "BENDRE, KAVIN ANUP:kbendre"]
[Result "0-1"]
[ICCResult "White checkmated"]
[WhiteElo "746"]
[BlackElo "1312"]
[Opening "Sicilian: Scheveningen, classical, Nd7 system"]
[ECO "B92"]
[NIC "SI.10"]
[Time "11:03:10"]
[PlyCount "54"]
[TimeControl "1800+10"]

1. e4 c5 2. Nf3 d6 3. d4 cxd4 4. Nxd4 Nf6 5. Nc3 a6 6. Be2 Nbd7 7. O-O e6
8. Be3 b5 9. b4 Qc7 10. Qd2 Bb7 11. f4 Nxe4 12. Nxe4 Bxe4 13. Bf3 Bxf3 14.
Rxf3 Be7 15. a4 bxa4 16. Rxa4 O-O 17. Qd3 a5 18. b5 Nc5 19. Nxe6 Nxe6 20.
Rh3 h6 21. Rc4 Nc5 22. Qc3 Bf6 23. Qa3 Rfc8 24. f5 Qe7 25. Bxh6 gxh6 26.
Rg4+ Bg7 27. Rxh6 Qe1# { White checkmated } 0-1

[Event "ICC tourney 2469 (30 10)"]
[Site "Internet Chess Club"]
[Date "2021.03.21"]
[Round "1"]
[White "JING, ANDREW:andrewj508"]
[Black "SIAMWALLA, ALVIN:cappyal"]
[Result "1-0"]
[ICCResult "Black resigns"]
[WhiteElo "1312"]
[BlackElo "836"]
[Opening "King's pawn game"]
[ECO "C50"]
[NIC "IG.03"]
[Time "11:03:14"]
[PlyCount "109"]
[TimeControl "1800+10"]

1. e4 e5 2. Nf3 Nc6 3. Bc4 h6 4. d4 exd4 5. Nxd4 Nxd4 6. Qxd4 Nf6 7. e5 Qe7
8. O-O Nh7 9. Nc3 d6 10. exd6 Qxd6 11. Re1+ Be7 12. Qxg7 Qf6 13. Bxh6 Qxg7
14. Bxg7 Rg8 15. Bd4 Bh3 16. Bf1 Ng5 17. Red1 Ne6 18. Be3 Bd6 19. g3 Bg4
20. Re1 a6 21. Bg2 O-O-O 22. Ne4 Be5 23. c3 Bf5 24. Nc5 Nxc5 25. Bxc5 Bd6
26. Bxd6 Rxd6 27. Rad1 Rb6 28. b3 Bc2 29. Rd2 Bg6 30. Bh3+ Kb8 31. c4 Rh8
32. Bg2 Bf5 33. Re5 Bc8 34. Bf1 Rbh6 35. h4 Rg8 36. Bg2 Be6 37. Re3 Bf5 38.
Rde2 Be6 39. Rd3 Bf5 40. Rd4 Bg4 41. Red2 Rhh8 42. c5 c6 43. b4 f5 44. a4
Kc8 45. a5 Rd8 46. Rxd8+ Rxd8 47. Rxd8+ Kxd8 48. Kf1 Kd7 49. f3 Bh5 50. Ke2
Ke6 51. Kd3 b5 52. cxb6 Kd7 53. f4 Bf7 54. Kd4 Be6 55. Kc5 { Black resigns
} 1-0

[Event "ICC tourney 2469 (30 10)"]
[Site "Internet Chess Club"]
[Date "2021.03.21"]
[Round "1"]
[White "PALCHEVSKIY, ANDREW:alexbelaya"]
[Black "MURUGAN AYYAPPAN, ADHIRAIYAN:adma2028"]
[Result "0-1"]
[ICCResult "White checkmated"]
[WhiteElo "1130"]
[BlackElo "1416"]
[Opening "Scotch gambit: Dubois-Réti defense"]
[ECO "C55"]
[NIC "KP.02"]
[Time "11:03:11"]
[PlyCount "90"]
[TimeControl "1800+10"]

1. e4 e5 2. Bc4 Nf6 3. d4 exd4 4. Nf3 Nc6 5. e5 Ng8 6. O-O d6 7. Re1 dxe5
8. Nxe5 Nxe5 9. Rxe5+ Be7 10. Rd5 Bd6 11. Rxd4 Nf6 12. Bf4 Bg4 13. Qd2 O-O
14. Bxd6 cxd6 15. Rxd6 Qc7 16. Bb3 Ne4 17. Qf4 Qxd6 18. Qxg4 Qd4 19. Nc3
Qxf2+ 20. Kh1 Nxc3 21. bxc3 Rae8 22. h3 Re1+ 23. Rxe1 Qxe1+ 24. Kh2 Qxc3
25. Qd7 Qc6 26. Qd4 Qc7+ 27. Kh1 Rd8 28. Qg4 Qd7 29. Qh4 Qd1+ 30. Kh2 Qd6+
31. Kh1 Qf6 32. Qe1 Qd6 33. Qh4 Re8 34. Qf2 Qe7 35. Kh2 Qe5+ 36. g3 Qe2 37.
Bxf7+ Kf8 38. Bxe8+ Qxf2+ 39. Kh1 Kxe8 40. g4 Ke7 41. c4 Ke6 42. c5 Ke5 43.
a4 Kf4 44. a5 Kg3 45. c6 Qg2# { White checkmated } 0-1

[Event "ICC tourney 2469 (30 10)"]
[Site "Internet Chess Club"]
[Date "2021.03.21"]
[Round "1"]
[White "REMPE, LENNIK:Kokosnuss1000"]
[Black "HU, ANGELA:AngelaIL203"]
[Result "0-1"]
[ICCResult "White checkmated"]
[WhiteElo "1450"]
[BlackElo "1228"]
[Opening "Ruy Lopez: old Steinitz defense, Nimzovich attack"]
[ECO "C48"]
[NIC "KP.03"]
[Time "11:03:24"]
[PlyCount "112"]
[TimeControl "1800+10"]

1. e4 e5 2. Nf3 Nc6 3. Nc3 Nf6 4. Bb5 d6 5. d4 Bd7 6. Bxc6 Bxc6 7. dxe5
dxe5 8. Qxd8+ Rxd8 9. Nxe5 Bxe4 10. Nxe4 Nxe4 11. O-O Bd6 12. Bf4 f6 13.
Rfe1 fxe5 14. Rxe4 O-O 15. Bxe5 Bxe5 16. Rxe5 Rd2 17. Rc1 Rfxf2 18. Re7
Rxg2+ 19. Kh1 Rxh2+ 20. Kg1 Rxc2 21. Rxc7 Rxc1+ 22. Rxc1 Rxb2 23. Rc8+ Kf7
24. Rc7+ Kg6 25. Kf1 Kf6 26. Ke1 h5 27. Rc4 Rxa2 28. Rh4 Kg5 29. Rb4 Ra1+
30. Kf2 Ra2+ 31. Kg1 h4 32. Rxb7 g6 33. Rb5+ Kf4 34. Rb4+ Kf3 35. Rb3+ Kg4
36. Rb4+ Kh5 37. Rb5+ g5 38. Rb8 h3 39. Rh8+ Kg4 40. Rb8 Rg2+ 41. Kh1 Rf2
42. Rb4+ Kg3 43. Rb3+ Rf3 44. Rb1 a5 45. Rg1+ Kf4 46. Rxg5 Kxg5 47. Kh2 a4
48. Kg1 a3 49. Kh1 h2 50. Kg2 Rf2+ 51. Kh1 Rf1+ 52. Kxh2 a2 53. Kg3 a1=Q
54. Kg2 Rg1+ 55. Kh2 Qb2+ 56. Kh3 Qg2# { White checkmated } 0-1

[Event "ICC tourney 2469 (30 10)"]
[Site "Internet Chess Club"]
[Date "2021.03.21"]
[Round "1"]
[White "XIE, CHARLES:charlestxie"]
[Black "PARK, COLIN:collywog"]
[Result "1/2-1/2"]
[ICCResult "Game drawn by mutual agreement"]
[WhiteElo "1421"]
[BlackElo "1131"]
[Opening "QGD: Semi-Tarrasch, 5.cd"]
[ECO "D41"]
[NIC "TD.12"]
[Time "11:03:14"]
[PlyCount "108"]
[TimeControl "1800+10"]

1. d4 e6 2. c4 d5 3. Nc3 Nf6 4. Nf3 c5 5. cxd5 exd5 6. e3 cxd4 7. Nxd4 Bb4
8. Qa4+ Nc6 9. Nxc6 Bxc3+ 10. bxc3 bxc6 11. Qxc6+ Bd7 12. Qd6 Qa5 13. Qb4
Qxb4 14. cxb4 O-O 15. Bd3 Rab8 16. a3 Rfc8 17. Bb2 Ne4 18. Bxe4 dxe4 19.
Bd4 Rb7 20. Bc5 Bb5 21. O-O-O Bd3 22. f3 Be2 23. Rd4 exf3 24. gxf3 Bxf3 25.
Rf1 Be2 26. Rf5 g6 27. Rfd5 Rbc7 28. Rd8+ Rxd8 29. Rxd8+ Kg7 30. Kd2 Bb5
31. Ra8 a6 32. Kc3 f5 33. Kb3 g5 34. a4 Be2 35. Rb8 f4 36. Bd6 Rd7 37. Be5+
Kg6 38. exf4 Rd3+ 39. Kc2 Kf5 40. Rf8+ Ke4 41. Bb8 Bd1+ 42. Kc1 Bxa4 43.
fxg5 Rc3+ 44. Kb2 Rb3+ 45. Ka2 Kd3 46. Rf3+ Kc4 47. Rxb3 Bxb3+ 48. Ka3 Bc2
49. h4 Bg6 50. Bd6 Kb5 51. Kb3 a5 52. bxa5 Kxa5 53. Kc4 Kb6 54. Kd5 Kb7 {
Game drawn by mutual agreement } 1/2-1/2

[Event "ICC tourney 2469 (30 10)"]
[Site "Internet Chess Club"]
[Date "2021.03.21"]
[Round "1"]
[White "WU, EVERETT:EW2006"]
[Black "HUA, OLIVER:oxdidi"]
[Result "1-0"]
[ICCResult "Black resigns"]
[WhiteElo "1376"]
[BlackElo "993"]
[Opening "Pirc: classical system, 5.Be2"]
[ECO "A45"]
[NIC "PU.03"]
[Time "11:04:06"]
[PlyCount "123"]
[TimeControl "1800+10"]

1. d4 Nf6 2. Nc3 g6 3. e4 Bg7 4. Nf3 d6 5. Be2 O-O 6. O-O Nbd7 7. h3 b6 8.
d5 Nc5 9. Bd3 Nxd3 10. Qxd3 a5 11. Nd4 Qd7 12. Be3 e5 13. Ndb5 Ba6 14. f3
Rfe8 15. Rfd1 Rad8 16. a4 Bxb5 17. Qxb5 Qe7 18. Qc6 Rc8 19. Rd3 Nh5 20. Nb5
Nf4 21. Bxf4 exf4 22. Nd4 Be5 23. c3 h5 24. Qc4 g5 25. Nc6 Qd7 26. Nxe5
dxe5 27. Qb5 Qd6 28. b4 axb4 29. Qxb4 c5 30. Qb2 c4 31. Rd2 Rb8 32. Qa3 Qd7
33. Qb4 Rec8 34. d6 Rc6 35. Rd5 Rd8 36. Rxe5 f6 37. Rd5 Rxd6 38. Rxd6 Qxd6
39. Qxc4+ Kg7 40. Qb4 Qxb4 41. cxb4 Rd4 42. a5 Rc4 43. a6 Rc8 44. a7 Ra8
45. Ra6 Kf7 46. Kf2 Ke6 47. Ke2 Kd7 48. Rxb6 Rxa7 49. Rxf6 Ra2+ 50. Kf1 Rb2
51. Rf5 Rb1+ 52. Kf2 Rb2+ 53. Kg1 Rb1+ 54. Kh2 Rxb4 55. Rxg5 Rb6 56. Rxh5
Rf6 57. Rf5 Rxf5 58. exf5 Ke7 59. g4 Kf6 60. h4 Kg7 61. g5 Kh7 62. Kh3 {
Black resigns } 1-0

[Event "ICC tourney 2469 (30 10)"]
[Site "Internet Chess Club"]
[Date "2021.03.21"]
[Round "1"]
[White "DEL TORA, MIGUEL:mdeltoro11"]
[Black "Kanapuram, Pranav:PKDEEZYEEZY"]
[Result "0-1"]
[ICCResult "White checkmated"]
[WhiteElo "991"]
[BlackElo "1353"]
[Opening "Queen's pawn, Mason variation, Steinitz counter-gambit"]
[ECO "D00"]
[NIC "QP.08"]
[Time "11:03:18"]
[PlyCount "126"]
[TimeControl "1800+10"]

1. d4 d5 2. Bf4 c5 3. Nf3 Nf6 4. e3 cxd4 5. Nxd4 Nc6 6. Bd3 e6 7. O-O Bd6
8. Nb5 Bxf4 9. exf4 Bd7 10. Nd6+ Ke7 11. Nxb7 Qb6 12. Nc3 Qxb7 13. a3 Rhe8
14. Na4 Kf8 15. b4 Qc7 16. g3 Kg8 17. Nc5 Bc8 18. c3 Nd7 19. Qh5 g6 20. Qh6
Nxc5 21. bxc5 Qa5 22. Rad1 Qxa3 23. h4 Qxc5 24. h5 Qf8 25. Qg5 Qe7 26. Qh6
Qf6 27. Qg5 Qxg5 28. fxg5 Ne5 29. Bb5 Bd7 30. Be2 Rab8 31. h6 Bb5 32. Bxb5
Rxb5 33. Ra1 Ra8 34. f4 Nc4 35. Rfb1 Rxb1+ 36. Rxb1 a5 37. Ra1 a4 38. Kf2
a3 39. Ke2 Kf8 40. Kd3 Ke7 41. Kd4 a2 42. Kc5 Nd2 43. Kc6 Nb3 44. Rxa2 Rxa2
45. g4 Rg2 46. f5 exf5 47. gxf5 gxf5 48. Kxd5 Rxg5 49. Ke5 Rh5 50. Kf4 Rxh6
51. Kxf5 Rc6 52. Ke5 h6 53. Kd5 Rg6 54. c4 h5 55. c5 Nxc5 56. Kxc5 h4 57.
Kd4 h3 58. Ke3 h2 59. Kf2 h1=Q 60. Ke3 Qh4 61. Kf3 Rg3+ 62. Kf2 Qh2+ 63.
Kf1 Rg1# { White checkmated } 0-1

[Event "ICC tourney 2469 (30 10)"]
[Site "Internet Chess Club"]
[Date "2021.03.21"]
[Round "1"]
[White "McQuillin, Danil Alsandair:DanilMcQuillin"]
[Black "Rubinstein, Samuel:samrubinstein"]
[Result "1-0"]
[ICCResult "Black resigns"]
[WhiteElo "1193"]
[BlackElo "1449"]
[Opening "English opening"]
[ECO "A10"]
[NIC "EO.64"]
[Time "11:03:12"]
[PlyCount "95"]
[TimeControl "1800+10"]

1. c4 d5 2. cxd5 Qxd5 3. Nc3 Qa5 4. d4 c6 5. Nf3 Nf6 6. Bd2 Qc7 7. e4 Bg4
8. Rc1 a6 9. e5 Nh5 10. Bc4 e6 11. h3 Bxf3 12. Qxf3 g6 13. O-O Be7 14. Bh6
Rg8 15. g4 Ng7 16. d5 Qxe5 17. Rfe1 Qf6 18. Qxf6 Bxf6 19. dxe6 Nxe6 20.
Bxe6 fxe6 21. Rxe6+ Kf7 22. Rce1 Nd7 23. Rd6 Ne5 24. Kg2 Rad8 25. Red1 Rxd6
26. Rxd6 Rd8 27. Ne4 Rxd6 28. Nxd6+ Kg8 29. Nxb7 g5 30. f4 gxf4 31. Bxf4
Nd3 32. Be3 Bxb2 33. Kf3 Ba3 34. Na5 c5 35. Ke4 Nc1 36. Nc4 Nxa2 37. Nxa3
Nc3+ 38. Ke5 Na4 39. Nc4 Kg7 40. Bd2 Kg6 41. h4 h6 42. Ke6 h5 43. g5 Kg7
44. Kf5 Kh7 45. g6+ Kg7 46. Kg5 a5 47. Kxh5 Kf6 48. Kh6 { Black resigns }
1-0

[Event "ICC tourney 2469 (30 10)"]
[Site "Internet Chess Club"]
[Date "2021.03.21"]
[Round "1"]
[White "HSIAO, OLIVER:OliverHsiao"]
[Black "RALHAN, MAHIKA:MahchessICC"]
[Result "1-0"]
[ICCResult "Black forfeits on time"]
[WhiteElo "1249"]
[BlackElo "1466"]
[Opening "French: exchange variation"]
[ECO "C01"]
[NIC "FR.01"]
[Time "11:03:42"]
[PlyCount "75"]
[TimeControl "1800+10"]

1. e4 e6 2. d4 d5 3. exd5 exd5 4. Nf3 Nf6 5. Bg5 Be6 6. Bd3 h6 7. Bf4 Bd6
8. Bxd6 Qxd6 9. O-O O-O 10. Nc3 a6 11. Re1 Nc6 12. a3 b5 13. b4 Rfe8 14.
Qd2 Nd7 15. h3 Ne7 16. Ne2 Ng6 17. a4 c6 18. axb5 axb5 19. c3 Nf6 20. Qc2
Nf4 21. Nxf4 Qxf4 22. Ne5 Qg5 23. Kh1 Ne4 24. Bxe4 dxe4 25. Qxe4 Bd5 26.
Qg4 Rxa1 27. Rxa1 Qxg4 28. Nxg4 Re2 29. Ra8+ Kh7 30. Rd8 Rc2 31. Ne3 Rxc3
32. Nxd5 cxd5 33. Rxd5 Rc2 34. Rxb5 Rxf2 35. d5 Kg6 36. d6 Kf6 37. Rd5 Ke6
38. d7 { Black forfeits on time } 1-0

[Event "ICC tourney 2469 (30 10)"]
[Site "Internet Chess Club"]
[Date "2021.03.21"]
[Round "1"]
[White "Nagarajan, Ramesh:rnagaraj"]
[Black "CAI, ALAN ZHUOCHENG:flying-ninja"]
[Result "0-1"]
[ICCResult "White resigns"]
[WhiteElo "1472"]
[BlackElo "1260"]
[Opening "Sicilian: Grand Prix attack"]
[ECO "B21"]
[NIC "SI.48"]
[Time "11:03:12"]
[PlyCount "110"]
[TimeControl "1800+10"]

1. e4 c5 2. f4 d6 3. Nf3 Nc6 4. Bc4 e6 5. Nc3 Nf6 6. d3 a6 7. a3 b5 8. Ba2
Bb7 9. Be3 Be7 10. O-O O-O 11. Qe1 d5 12. exd5 exd5 13. Bd2 d4 14. Ne4 Qc7
15. c3 Rad8 16. Rd1 dxc3 17. Bxc3 Nxe4 18. dxe4 Rxd1 19. Qxd1 Qxf4 20. Ne5
Qe3+ 21. Kh1 Nxe5 22. Bxe5 Qxe4 23. Qf3 Qxf3 24. gxf3 Rd8 25. Kg2 Rd2+ 26.
Kg3 Bd6 27. Bxd6 Rxd6 28. Rf2 Kf8 29. Bb1 h6 30. h4 Bd5 31. Re2 Re6 32. Rd2
Bc6 33. Bf5 Rf6 34. Be4 Bxe4 35. fxe4 Ke7 36. Rd5 c4 37. Rc5 Rb6 38. a4 Kd6
39. Rd5+ Ke6 40. a5 Rd6 41. Rc5 g6 42. Kf4 f6 43. Rc8 g5+ 44. hxg5 hxg5+
45. Kg4 Ke5 46. Re8+ Re6 47. Rb8 Kxe4 48. Rb6 Kd5 49. Kf5 Rxb6 50. axb6 Kc6
51. Kxf6 Kxb6 52. Kxg5 Kc5 53. Kf4 Kb4 54. Ke3 Kb3 55. Kd2 Kxb2 { White
resigns } 0-1

[Event "ICC tourney 2469 (30 10)"]
[Site "Internet Chess Club"]
[Date "2021.03.21"]
[Round "1"]
[White "HARVEY, JAMES Slade:JamesS"]
[Black "YANG, LUCAS:brawnykazoo"]
[Result "0-1"]
[ICCResult "White resigns"]
[WhiteElo "1406"]
[BlackElo "1098"]
[Opening "Giuoco Pianissimo"]
[ECO "C55"]
[NIC "IG.01"]
[Time "11:03:55"]
[PlyCount "110"]
[TimeControl "1800+10"]

1. e4 e5 2. Nf3 Nc6 3. Bc4 Nf6 4. d3 Bc5 5. c3 d6 6. h3 Be6 7. Bb5 a6 8.
Ba4 O-O 9. Be3 Bxe3 10. fxe3 Nh5 11. O-O Ng3 12. Rf2 b5 13. Bc2 b4 14. Nbd2
f5 15. Qe1 f4 16. exf4 exf4 17. d4 Nb8 18. d5 Bf7 19. Nd4 bxc3 20. bxc3 Qf6
21. N2f3 Nd7 22. Ne2 Bh5 23. Nfd4 Nxe2+ 24. Nxe2 Bxe2 25. Rxe2 Ne5 26. Rf2
Qh4 27. Qe2 Qg3 28. Raf1 g5 29. c4 Rab8 30. c5 a5 31. cxd6 cxd6 32. Qa6 Qa3
33. Bb3 Qb4 34. Qe2 Qd4 35. Qh5 Nf7 36. Rd1 Qe3 37. e5 Qxe5 38. Re2 Qg7 39.
Re6 Ne5 40. Rxd6 f3 41. Ra6 f2+ 42. Kf1 Qd7 43. Qxg5+ Ng6 44. Rxg6+ hxg6
45. Qxg6+ Kh8 46. Qh5+ Qh7 47. Qe5+ Qg7 48. Qe6 Rbe8 49. Qg4 Qh7 50. Qd4+
Kg8 51. d6+ Rf7 52. Bxf7+ Qxf7 53. Qd5 Re1+ 54. Rxe1 fxe1=R+ 55. Kxe1 Qxd5
{ White resigns } 0-1

[Event "ICC tourney 2469 (30 10)"]
[Site "Internet Chess Club"]
[Date "2021.03.21"]
[Round "2"]
[White "BHOSALE, ARNAV:avbhosale"]
[Black "SHEN, CHARLES:charlesshen"]
[Result "0-1"]
[ICCResult "White checkmated"]
[WhiteElo "519"]
[BlackElo "1058"]
[Opening "Four knights: Italian variation"]
[ECO "C47"]
[NIC "KP.06"]
[Time "13:01:52"]
[PlyCount "32"]
[TimeControl "1800+10"]

1. e4 e5 2. Nf3 Nc6 3. Nc3 Nf6 4. Bc4 Nxe4 5. Nxe4 d5 6. Bxd5 Qxd5 7. Nc3
Qd8 8. Qe2 Bd6 9. Nb5 O-O 10. Nxd6 cxd6 11. O-O Bg4 12. h3 Nd4 13. Qd1
Nxf3+ 14. gxf3 Bxh3 15. Kh2 Qh4 16. Rg1 Bf1# { White checkmated } 0-1

[Event "ICC tourney 2469 (30 10)"]
[Site "Internet Chess Club"]
[Date "2021.03.21"]
[Round "2"]
[White "PARK, COLIN:collywog"]
[Black "Nagarajan, Ramesh:rnagaraj"]
[Result "1-0"]
[ICCResult "Black checkmated"]
[WhiteElo "1131"]
[BlackElo "1472"]
[Opening "Vienna gambit"]
[ECO "C29"]
[NIC "VG.04"]
[Time "13:01:35"]
[PlyCount "43"]
[TimeControl "1800+10"]

1. e4 e5 2. Nc3 Nf6 3. f4 Nc6 4. fxe5 Nxe5 5. d4 Ng6 6. e5 Qe7 7. Qe2 Ng8
8. Nf3 d6 9. Nd5 Qd8 10. Nxc7+ Kd7 11. Nxa8 a6 12. exd6 Bxd6 13. Ne5+ Nxe5
14. dxe5 Bc5 15. Be3 Bxe3 16. Rd1+ Ke7 17. Rxd8 Kxd8 18. Qxe3 Ne7 19. Qb6+
Ke8 20. Nc7+ Kf8 21. Nd5 Nxd5 22. Qd8# { Black checkmated } 1-0

[Event "ICC tourney 2469 (30 10)"]
[Site "Internet Chess Club"]
[Date "2021.03.21"]
[Round "2"]
[White "Rubinstein, Samuel:samrubinstein"]
[Black "DEL TORA, MIGUEL:mdeltoro11"]
[Result "1-0"]
[ICCResult "Black checkmated"]
[WhiteElo "1449"]
[BlackElo "991"]
[Opening "Queen's pawn game"]
[ECO "D00"]
[NIC "QP.08"]
[Time "13:01:36"]
[PlyCount "125"]
[TimeControl "1800+10"]

1. d4 d5 2. e3 Bf5 3. Bd3 e6 4. f4 Nf6 5. c3 Bd6 6. Nf3 Nc6 7. O-O O-O 8.
Ne5 Nxe5 9. fxe5 Be7 10. exf6 Bxf6 11. Bxf5 exf5 12. Rxf5 c6 13. Nd2 g6 14.
Rf2 Qd6 15. e4 Bh4 16. Rf3 dxe4 17. Nxe4 Qc7 18. Rh3 Be7 19. Bg5 f6 20. Bh6
Rfe8 21. Qf3 b6 22. Nxf6+ Bxf6 23. Qxf6 Re7 24. Bf4 Qd7 25. Be5 Rg7 26.
Qxg7+ Qxg7 27. Bxg7 Kxg7 28. Re1 Rf8 29. Re7+ Kf6 30. Rhxh7 b5 31. Rxa7 Ke6
32. Rhg7 Kd5 33. Rxg6 Kc4 34. Rxc6+ Kd3 35. Re6 Kc2 36. Re2+ Kd3 37. Rae7
b4 38. cxb4 Kxd4 39. Rd2+ Kc4 40. Re4+ Kb5 41. b3 Rc8 42. Rd5+ Kb6 43. Re6+
Rc6 44. Rxc6+ Kxc6 45. Rc5+ Kb6 46. h4 Kb7 47. h5 Kb6 48. h6 Kb7 49. Rb5+
Kc6 50. h7 Kxb5 51. h8=Q Kxb4 52. g4 Kc5 53. g5 Kb4 54. g6 Ka3 55. g7 Kxa2
56. Qh2+ Kxb3 57. g8=Q+ Kc3 58. Qg4 Kd3 59. Qhh3+ Kd2 60. Qf4+ Kc2 61. Qfe3
Kb2 62. Qe2+ Kc1 63. Qhf1# { Black checkmated } 1-0

[Event "ICC tourney 2469 (30 10)"]
[Site "Internet Chess Club"]
[Date "2021.03.21"]
[Round "2"]
[White "SIAMWALLA, ALVIN:cappyal"]
[Black "HARVEY, JAMES Slade:JamesS"]
[Result "0-1"]
[ICCResult "White resigns"]
[WhiteElo "836"]
[BlackElo "1406"]
[Opening "Caro-Kann defense"]
[ECO "B11"]
[NIC "CK.01"]
[Time "13:01:32"]
[PlyCount "82"]
[TimeControl "1800+10"]

1. e4 c6 2. Nc3 d5 3. exd5 cxd5 4. d4 Nf6 5. h3 Nc6 6. Nf3 g6 7. Bf4 Bg7 8.
Nb5 Qa5+ 9. Nc3 O-O 10. Bb5 Ne4 11. Bd2 Nxc3 12. Bxc3 Qxb5 13. Rb1 Re8 14.
Qd3 Qxd3 15. cxd3 Bf5 16. Rd1 e5 17. O-O exd4 18. Bd2 Bxd3 19. Rfe1 Rxe1+
20. Rxe1 Be4 21. Ng5 Re8 22. f3 h6 23. Nxe4 dxe4 24. fxe4 f5 25. exf5 Rxe1+
26. Bxe1 gxf5 27. Bd2 Kf7 28. Kf2 Ke6 29. Kf3 h5 30. g4 hxg4+ 31. hxg4 Ne5+
32. Kg3 Nxg4 33. Kf4 Be5+ 34. Kf3 Kd5 35. b3 b6 36. a4 a5 37. Bg5 d3 38.
Kg2 Ke4 39. Kf1 Kf3 40. Ke1 Bc3+ 41. Kd1 Ne3+ { White resigns } 0-1

[Event "ICC tourney 2469 (30 10)"]
[Site "Internet Chess Club"]
[Date "2021.03.21"]
[Round "2"]
[White "HUA, OLIVER:oxdidi"]
[Black "REMPE, LENNIK:Kokosnuss1000"]
[Result "1-0"]
[ICCResult "Black checkmated"]
[WhiteElo "993"]
[BlackElo "1450"]
[Opening "Two knights defense (Modern bishop's opening)"]
[ECO "C55"]
[NIC "IG.01"]
[Time "13:01:34"]
[PlyCount "67"]
[TimeControl "1800+10"]

1. e4 e5 2. Nf3 Nc6 3. Bc4 Nf6 4. d3 Be7 5. c3 d6 6. h3 Na5 7. Bb5+ c6 8.
Ba4 b5 9. Bc2 O-O 10. b4 Nb7 11. Nbd2 c5 12. a3 a5 13. bxa5 Rxa5 14. Nf1 b4
15. cxb4 cxb4 16. Ng3 Qb6 17. O-O d5 18. Nxe5 Bd6 19. Nf3 Bxg3 20. Be3 Qd6
21. fxg3 bxa3 22. e5 Qe6 23. Bd2 Qb6+ 24. Kh2 Ng4+ 25. hxg4 Ra6 26. Rb1 Qc5
27. Bb4 Rh6+ 28. Nh4 Qd4 29. Bxf8 Qxe5 30. Kg1 Qe3+ 31. Rf2 Qxg3 32. Qf3
Qxh4 33. Qxf7+ Kh8 34. Bxg7# { Black checkmated } 1-0